 Dungeon Crawl Stone Soup version 0.19-a0-1041-g82b1012 (webtiles) character file.

227686 4thArraOfDagon the Brawler (level 18, -10/144 (148) HPs)
             Began as a Troll Abyssal Knight on July 30, 2016.
             Was an Elder of Lugonu.
             Killed from afar by a wizard (23 damage)
             ... with a fireball
             ... on level 1 of the Depths.
             The game lasted 01:53:47 (18051 turns).

4thArraOfDagon the Brawler (Troll Abyssal Knight)  Turns: 18051, Time: 01:53:48

HP:   -10/144 (148) AC: 21    Str: 24 (25) XL:     18   Next: 25%
MP:   12/17         EV: 12    Int: 14 (16) God:    Lugonu [****..]
Gold: 1429          SH: 30    Dex: 11      Spells: 7 memorised, 3 levels left

rFire  . . .     SeeInvis +       - Unarmed
rCold  + + .     Gourm    +     S - +1 ice dragon armour "Udymmaom" {+Blink rElec rF- rC++ Regen+ MP-9 Dex+2}
rNeg   + . .     Faith    .     t - +3 large shield of Insecurity {*Contam rElec rPois SInv}
rPois  +         Spirit   .     (helmet restricted)
rElec  +         Dismiss  .     a - +2 cloak
rCorr  .         Reflect  +     (gloves unavailable)
SustAt .         Harm     .     (boots unavailable)
MR     ++...                    e - +3 amulet of reflection
Stlth  ..........               s - ring of Youthful Indiscretion {rF+ MR+}
                                Q - ring of positive energy

@: lethally poisoned (-10 -> -67), slowed, very slow, very resistant to hostile
enchantments, extremely unstealthy
A: unfitting armour, claws 3, horns 1, large bone plates 2, slimy green scales
1, clever 1, deterioration 1, fast metabolism 3, gourmand, sense surroundings 1,
regeneration 2, shaggy fur 1, tough skin 2, evolution 1
a: Depart the Abyss, Bend Space, Banish, Corrupt, Renounce Religion, Evoke Blink
}: 2/15 runes: decaying, serpentine


You were on level 1 of the Depths.
You worshipped Lugonu.
Lugonu was greatly pleased with you.
You were very full.

You visited 8 branches of the dungeon, and saw 38 of its levels.
You visited the Abyss 1 time.
You also visited: Labyrinth, Ossuary, Bailey and Ice Cave.

You collected 3821 gold pieces.
You spent 2392 gold pieces at shops.

Inventory:

Missiles
 N - 57 large rocks (quivered)
Armour
 a - a +2 cloak (worn)
 t - the +3 large shield of Insecurity (worn) {*Contam rElec rPois SInv}
   (You acquired it on level 2 of the Orcish Mines)

   It insulates you from electricity.
   It protects you from poison.
   It lets you see invisible.
   It causes magical contamination when unequipped.
 S - the +1 ice dragon armour "Udymmaom" (worn) {+Blink rElec rF- rC++ Regen+ MP-9 Dex+2}
   (You found it in an ice cave)

   It affects your dexterity (+2).
   It makes you vulnerable to fire.
   It greatly protects you from cold.
   It insulates you from electricity.
   It affects your magic capacity (-9).
   It lets you blink.
   It increases your rate of regeneration.
 X - the +1 robe of Trog's Righteous Anger {rPois Int+5 Dex-2}
   (You took it off a deep elf high priest on level 1 of the Elven Halls)

   It affects your intelligence (+5).
   It affects your dexterity (-2).
   It protects you from poison.
Magical Staves
 Z - an uncursed staff of earth
Jewellery
 e - a +3 amulet of reflection (around neck)
 j - an uncursed ring of positive energy
 m - an uncursed ring of protection from cold
 s - the ring of Youthful Indiscretion (right claw) {rF+ MR+}
   (You found it on level 7 of the Dungeon)

   [ring of protection from fire]

   It protects you from fire.
   It affects your resistance to hostile enchantments.
 y - an uncursed ring of wizardry
 B - an uncursed ring of see invisible
 Q - a ring of positive energy (left claw)
 T - the amulet "Xiyc" {RegenMP Str+4 Int+6}
   (You bought it in a shop on level 1 of the Depths)

   [amulet of magic regeneration]

   It increases your magic regeneration.
   It affects your strength (+4).
   It affects your intelligence (+6).
Wands
 i - a wand of digging (14/24)
 l - a wand of paralysis (10/24)
 o - a wand of disintegration (14/24)
 r - a wand of teleportation (6/9)
 R - a wand of acid (3/15)
Scrolls
 d - 4 scrolls of recharging
 h - a scroll of holy word
 k - 14 scrolls of remove curse
 q - 2 scrolls of blinking
 w - a scroll of summoning
 x - 5 scrolls of enchant armour
 z - a scroll of fog
 C - 2 scrolls of amnesia
 F - 4 scrolls of identify
 P - 2 scrolls of noise
 U - a scroll of silence
 W - 5 scrolls of magic mapping
Potions
 f - 3 potions of brilliance
 p - 3 potions of berserk rage
 u - 4 potions of curing
 v - a potion of resistance
 A - 3 potions of haste
 D - 2 potions of ambrosia
 G - a potion of magic
 H - a potion of flight
 I - 2 potions of cure mutation {unknown}
 J - 5 potions of might
 L - 2 potions of heal wounds
 M - 2 potions of invisibility
 O - 4 potions of agility
 V - a potion of cancellation
Miscellaneous
 n - a sack of spiders
 E - a lamp of fire
 K - 2 phantom mirrors
 Y - a fan of gales
Comestibles
 b - 15 bread rations
 g - 5 meat rations


   Skills:
 - Level 2.4 Fighting
 - Level 11.0 Dodging
 - Level 16.0 Shields
 - Level 17.2 Unarmed Combat
 + Level 6.4 Spellcasting
 - Level 2.5 Translocations
 * Level 10.3 Earth Magic
 - Level 11.0 Invocations


You had 3 spell levels left.
You knew the following spells:

 Your Spells              Type           Power        Failure   Level  Hunger
a - Apportation           Tloc           ##........   17%         1    None
b - Animate Skeleton      Necr           N/A          52%         1    None
c - Controlled Blink      Tloc           N/A          100%        8    #######
d - Iron Shot             Conj/Erth      ###.......   100%        6    #######
e - Swiftness             Chrm/Air       #.......     77%         2    #......
f - Silence               Hex/Air        #.........   100%        5    ######.
g - Regeneration          Chrm/Necr      #.........   97%         3    ##.....


Dungeon Overview and Level Annotations

Branches:
Dungeon (15/15)            Temple (1/1) D:6            Lair (6/6) D:10
  Swamp (4/4) Lair:3        Snake (4/4) Lair:4        Slime (0/5) Lair:6
    Orc (2/2) D:12            Elf (3/3) Orc:2        Vaults (0/5) D:14
 Depths (3/5) D:15

Altars:
Ashenzari
Cheibriados
Dithmenos
Elyvilon
Fedhas
Hepliaklqana
Kikubaaqudgha
Makhleb
Nemelex Xobeh
Okawaru
Qazlal
Ru
Trog
Uskayaw
Vehumet
Xom
Yredelemnul
Jiyva

Shops:
D:8 ?   D:9 **}   D:11 (   Orc:1 }   Orc:2 ([*:%   Elf:3 =   Depths:1 %=
Depths:2 :

Portals:
Hell: Depths:1
Ziggurat: Depths:1

Annotations:
D:4 Edmund
D:9 Psyche
D:11 corrupted
D:13 exclusion: ice statue
D:14 corrupted
Lair:4 SNAKE
Swamp:4 corrupted
Orc:2 corrupted
Elf:3 corrupted
Depths:1 corrupted, Asterion
Depths:3 corrupted, the Enchantress
Abyss:1 Rupert


Innate Abilities, Weirdness & Mutations

You are too large for most types of armour.
You have claws for hands.
Your metabolism is lightning-fast.
You like to eat raw meat.
You heal very quickly.
You are covered in fur. (AC +1)
You have very tough skin. (AC +2)
You have a pair of small horns on your head.
You are mostly covered in large bone plates. (AC +3, SH +3)
You are partially covered in slimy green scales. (AC +2)
Your mind is acute. (Int +2)
Your body sometimes deteriorates upon taking damage.
You passively map a small area around you.
You evolve.


Message History

The orb of energy hits the wizard.
The orb of energy explodes!
Unknown command.
Unknown command.
Unknown command.
Unknown command.
Unknown command.
Unknown command.
Press: ? - help, Shift-Dir - straight line, f/p - death drake
Aim: a death drake shaped shifter (foul pestilence, severely wounded, catching its breath, chance to defeat MR: 75%)
The death drake is devoured by a tear in reality.
Lugonu claims a new guest.
You feel somewhat less full.
You are engulfed in dark miasma.
You are more poisoned.
You feel your flesh rotting away!
* * * LOW HITPOINT WARNING * * *
x2 You feel extremely sick.
The wizard casts a spell.
The wizard blinks!
The wizard casts a spell at you.
The fireball explodes!
The fireball engulfs you!
You die...

##.).####'####..........#
#.......'.'........(..###
####.......#'#..........##.# .
#..#...............######..#,.
*#..'...#......§.....÷')....##.
#....#...#...........).#......#.
######...'...........###'##..##.
#...#..#p#§####'#.#..'..#.#
#####'###.§§@§#.....'..####+# ,
#........#.#§##...#'#....).).
#..........§§§....#.##..)####
.....H.....#.#§#§.###..#...#...
..#......##>.§§§### #..#...'.q.
.###.....#.#§#§## #####..##..
##G##....##..§§§# , #...'..
#.GG##(.'#.#.#§## , ##..#.#
#G##..#......§§# ######


You could see a wizard.

Vanquished Creatures
  A thorn hunter (Swamp:4)
  2 fire giants
  8 greater nagas
  6 deep elf sorcerers
  3 draconian knights (Depths:1)
  3 frost giants
  Aizul (Swamp:3)
  4 stone giants
  A reaper (IceCv)
  2 deep elf demonologists (Elf:1)
  A deep elf annihilator (Elf:3)
  A spark wasp (Depths:2)
  A dire elephant (Lair:6)
  A deep elf death mage (Elf:1)
  9 ettins
  A fire dragon (Depths:1)
  3 deep elf high priests
  A minotaur (Lab)
  3 rakshasas (Depths:1)
  6 hydras
  4 ice dragons
  2 catoblepae
  Erolcha (D:10)
  6 naga warriors
  2 anacondas (Snake:3)
  2 centaur warriors
  4 ogre magi
  5 ghost crabs (Swamp:4)
  11 dancing weapons
  2 alligators
  2 deep troll earth magi
  3 tengu warriors
  5 deep troll shamans
  5 death yaks (Lair:6)
  5 spriggan berserkers
  An orc high priest (D:12)
  A hell knight (Depths:1)
  5 naga sharpshooters
  3 shock serpents
  3 deep elf knights (Elf:1)
  An iron troll (Depths:1)
  A salamander mystic (Snake:2)
  A small abomination (Elf:3)
  A wizard (Depths:1)
  4 deep trolls
  A swamp dragon (shapeshifter) (Elf:1)
  A shambling mangrove (Swamp:3)
  3 deep elf archers (Elf:1)
  7 naga ritualists
  5 hill giants
  A mana viper (shapeshifter) (Elf:1)
  3 necromancers
  An orc knight (Orc:2)
  3 swamp dragons
  A stone giant zombie (Depths:1)
  11 ugly things
  17 deep elf magi
  2 orc sorcerers
  4 cyclopes
  6 mana vipers
  3 griffons
  A hornet (Swamp:3)
  3 salamanders
  9 naga magi
  Maurice (D:12)
  A guardian serpent (shapeshifter) (Depths:1)
  4 elephants (Lair:6)
  22 black mambas
  Joseph (D:9)
  2 ice statues (IceCv)
  12 spiny frogs
  2 komodo dragons
  A gargoyle (D:11)
  A yaktaur zombie (Depths:1)
  A kobold demonologist (D:13)
  3 rime drakes
  2 yaktaurs (shapeshifter) (Elf:1)
  8 ice devils (IceCv)
  3 trolls
  2 tengu conjurers (Depths:1)
  11 two-headed ogres
  2 polar bears
  3 giant leeches
  17 blink frogs
  Prince Ribbit (D:9)
  8 slime creatures
  3 raiju (Elf:2)
  7 bog bodies
  A sphinx simulacrum (Depths:1)
  A meliai zombie (D:15)
  2 shadows
  3 water elementals
  Sigmund (D:5)
  3 air elementals
  2 wyverns
  3 spriggans
  2 redbacks (Lab)
  29 yaks
  A fire elemental (Elf:1)
  A hog (shapeshifter) (Elf:1)
  Grum (Lair:1)
  2 basilisks
  A vampire (D:14)
  3 wraiths
  12 hippogriffs
  A hungry ghost (D:10)
  10 vampire mosquitoes
  4 wargs
  16 insubstantial wisps
  9 swamp worms
  19 water moccasins
  33 nagas
  2 porcupines
  8 swamp drakes
  15 orc warriors
  3 ice beasts
  A sky beast (D:7)
  2 wasps
  7 black bears
  An eye of draining (D:13)
  A necrophage (D:11)
  4 centaurs
  4 boggarts (Depths:1)
  7 wolves
  19 ogres
  4 crocodiles
  16 giant frogs
  3 scorpions
  4 killer bees
  A howler monkey (D:5)
  7 wights
  7 crimson imps
  A hound (D:5)
  2 centaur zombies
  A giant frog skeleton (D:5)
  4 jellies
  11 orc priests
  A gnoll shaman (D:10)
  An iron imp (Abyss:1)
  2 iguanas
  11 orc wizards
  3 centaur skeletons
  4 lightning spires (Elf:2)
  7 worker ants
  15 sheep
  A big kobold zombie (Ossuary)
  A hound skeleton (D:7)
  2 mummies (Ossuary)
  A howler monkey skeleton (D:9)
  11 gnolls
  9 adders
  9 river rats
  3 shadow imps
  9 white imps (IceCv)
  7 ufetubi (IceCv)
  An ooze (D:3)
  2 dart slugs
  5 giant geckos
  55 orcs
  3 bats
  5 giant cockroaches
  3 gnoll zombies (Ossuary)
  2 goblins (D:3)
  4 hobgoblins
  6 jackals (D:3)
  4 kobolds
  3 quokkas
  2 ball pythons
  A giant gecko skeleton (D:5)
  3 giant newts
  6 goblin zombies (Ossuary)
  A hobgoblin zombie (Ossuary)
  3 orc zombies (Ossuary)
  A quokka skeleton (D:9)
  2 rats
842 creatures vanquished.

Vanquished Creatures (others)
  Mennas (Depths:3)
  Xtahua (Depths:3)
  A lich (Depths:1)
  2 deep elf master archers (Elf:3)
  2 deep elf sorcerers (Elf:3)
  4 deep elf elementalists (Elf:3)
  A stone giant (Depths:1)
  A spriggan defender (Depths:3)
  A deep elf demonologist (Elf:3)
  3 deep elf annihilators (Elf:3)
  3 spark wasps (Depths:2)
  3 ettins (Orc:2)
  5 deep elf death magi (Elf:3)
  A deep elf high priest (Elf:3)
  9 hydras
  A spriggan air mage (Depths:3)
  A deep troll shaman (Depths:3)
  3 alligators (Swamp:4)
  2 spriggan berserkers
  A shock serpent (Elf:2)
  An iron troll (Depths:3)
  A death drake (shapeshifter) (Depths:1)
  5 skeletal warriors (D:11)
  2 swamp dragons (Swamp:4)
  4 deep trolls (Depths:3)
  A spriggan druid (Swamp:4)
  An unseen horror (D:14)
  2 orc knights
  3 deep elf magi
  2 hill giants
  3 ugly things (D:15)
  6 cyclopes (Orc:2)
  An octopode (shapeshifter) (D:14)
  The ghost of 4thArraOfDagon the Slasher, a novice HOHu of Ru (D:8)
  A yaktaur (Depths:2)
  An efreet (D:14)
  A two-headed ogre (D:14)
  5 slime creatures (D:14)
  A bog body (Swamp:4)
  A wyvern (D:11)
  5 spriggans
  A water elemental (Depths:3)
  A yak (D:14)
  6 vampire mosquitoes (D:14)
  A neqoxec (Depths:3)
  A hungry ghost (D:14)
  A steam dragon (D:11)
  A mottled dragon (D:14)
  A swamp worm (Swamp:4)
  A necrophage (D:14)
  14 orc warriors
  3 wasps
  3 swamp drakes (Swamp:4)
  An ogre (Orc:2)
  A centaur (D:14)
  A big kobold (D:14)
  2 giant frogs
  A killer bee (D:8)
  A crimson imp (D:14)
  An iron imp (Depths:1)
  An orc wizard (Orc:2)
  An iguana (D:11)
  2 worker ants
  An adder (D:11)
  A shadow imp (D:14)
  3 white imps (IceCv)
  2 ufetubi (IceCv)
  A ball lightning (Elf:2)
  13 orcs
  4 goblins (D:14)
  2 kobolds (D:14)
  2 crawling corpses (Elf:3)
  9 fungi
  2 plants
  64 starspawn tentacles
  822 starspawn tentacle segments
1066 creatures vanquished.

Grand Total: 1908 creatures vanquished

Notes
Turn   | Place    | Note
-------+----------+-------------------------------------------
     0 | Abyss:1  | 4thArraOfDagon the Troll Abyssal Knight began the quest for the Orb.
     0 | Abyss:1  | Reached XP level 1. HP: 22/22 MP: 1/1
    27 | Abyss:1  | Noticed a quasit
    70 | Abyss:1  | Noticed a spiny frog simulacrum
   109 | Abyss:1  | Noticed a worldbinder
   123 | Abyss:1  | Noticed a small abomination
   156 | Abyss:1  | Noticed a small abomination
   163 | Abyss:1  | Noticed an iron imp
   174 | Abyss:1  | Killed an iron imp
   174 | Abyss:1  | Reached skill level 3 in Unarmed Combat
   174 | Abyss:1  | Reached XP level 2. HP: 29/29 MP: 2/2
   190 | Abyss:1  | Noticed an efreet
   197 | Abyss:1  | Noticed a ynoxinul
   198 | Abyss:1  | Noticed a chaos spawn
   203 | Abyss:1  | Noticed a starcursed mass
   204 | D:1      | Escaped the Abyss
   225 | D:1      | Reached XP level 3. HP: 20/36 MP: 3/3
   240 | D:1      | Reached * piety under Lugonu
   623 | D:3      | Reached XP level 4. HP: 41/44 MP: 4/4
   677 | D:4      | Reached skill level 4 in Unarmed Combat
   687 | D:4      | Reached ** piety under Lugonu
   736 | D:4      | Reached XP level 5. HP: 38/50 MP: 6/6
   770 | D:5      | Entered Level 5 of the Dungeon
   770 | D:5      | Noticed Edmund
   771 | D:5      | WHY
   773 | D:5      | Got an ancient plate armour
   946 | D:5      | Reached skill level 5 in Unarmed Combat
   966 | D:5      | Reached XP level 6. HP: 20/59 MP: 7/7
   974 | D:5      | Noticed Sigmund
  1051 | D:5      | Reached skill level 1 in Shields
  1220 | D:5      | Killed Sigmund
  1220 | D:5      | Reached skill level 6 in Unarmed Combat
  1220 | D:5      | Reached XP level 7. HP: 66/66 MP: 7/9
  1371 | D:5      | WHY
  1401 | D:6      | Identified the cursed +0 plate armour of the Forest {rElec Dex+2} (You found it on level 5 of the Dungeon)
  1402 | D:6      | DWYHY
  1406 | D:6      | Found a staircase to the Ecumenical Temple.
  1410 | Temple   | Entered the Ecumenical Temple
  1471 | D:6      | Reached *** piety under Lugonu
  1598 | D:6      | Reached skill level 7 in Unarmed Combat
  1726 | D:7      | Reached XP level 8. HP: 74/74 MP: 10/10
  1766 | D:7      | Noticed a five-headed hydra
  1771 | D:7      | Banished a five-headed hydra
  1771 | D:7      | Reached skill level 5 in Invocations
  1790 | D:7      | Found a sand-covered staircase.
  1803 | D:7      | Reached skill level 8 in Unarmed Combat
  1815 | D:7      | Gained mutation: Your spells are a little harder to cast, but a little more powerful. [mutagenic meat]
  1818 | D:7      | Gained mutation: You have sharp toenails. [mutagenic meat]
  1821 | D:7      | Gained mutation: You passively map a small area around you. [mutagenic meat]
  1824 | D:7      | Lost mutation: You have sharp toenails. [mutagenic meat]
  1835 | Ossuary  | Entered an ossuary
  2018 | D:7      | Got a pitted glass ring
  2019 | D:7      | Identified the ring of Youthful Indiscretion {rF+ MR+} (You found it on level 7 of the Dungeon)
  2036 | D:8      | Found Dipuoh's Magic Scroll Emporium.
  2048 | D:8      | Bought 2 scrolls of enchant armour for 180 gold pieces
  2048 | D:8      | Bought a scroll of magic mapping for 42 gold pieces
  2048 | D:8      | Bought a scroll of blinking for 90 gold pieces
  2048 | D:8      | Bought a scroll of identify for 24 gold pieces
  2048 | D:8      | Bought a scroll of identify for 24 gold pieces
  2048 | D:8      | Bought a scroll of identify for 24 gold pieces
  2048 | D:8      | Bought a scroll of fog for 24 gold pieces
  2048 | D:8      | Bought a scroll of remove curse for 36 gold pieces
  2193 | D:8      | Found a blossoming altar of Fedhas.
  2193 | D:8      | Noticed 4thArraOfDagon's ghost (novice HOHu)
  2203 | D:8      | Banished 4thArraOfDagon's ghost
  2283 | D:9      | Noticed Joseph
  2300 | D:9      | Killed Joseph
  2300 | D:9      | Reached skill level 9 in Unarmed Combat
  2300 | D:9      | Reached XP level 9. HP: 68/80 MP: 12/12
  2333 | D:9      | Noticed Prince Ribbit
  2334 | D:9      | Noticed Psyche
  2373 | D:9      | Found Gerr's Assorted Antiques.
  2381 | D:9      | Bought a scroll labeled RAXKIH TU ZEQU for 24 gold pieces
  2381 | D:9      | Bought a fuming black potion for 21 gold pieces
  2407 | D:10     | Entered Level 10 of the Dungeon
  2421 | D:10     | Noticed a hill giant
  2428 | D:10     | Banished a hill giant
  2540 | D:8      | Reached skill level 5 in Shields
  2550 | D:8      | Reached skill level 10 in Unarmed Combat
  2583 | D:9      | Found Tufiow's General Store.
  2714 | D:9      | Found Qopiol Luda's Gadget Boutique.
  2728 | D:9      | Learned a level 1 spell: Apportation
  2730 | D:9      | Learned a level 1 spell: Animate Skeleton
  2826 | D:9      | Bought a +0 large shield of protection for 115 gold pieces
  2846 | D:9      | Killed Prince Ribbit
  3007 | D:10     | Reached XP level 10. HP: 76/88 MP: 14/14
  3041 | D:11     | Noticed a gargoyle
  3046 | D:11     | Killed a gargoyle
  3100 | D:11     | Noticed a skeletal warrior
  3168 | D:10     | Noticed Erolcha
  3174 | D:10     | Reached **** piety under Lugonu
  3174 | D:10     | Killed Erolcha
  3174 | D:10     | Reached skill level 11 in Unarmed Combat
  3267 | D:10     | Found a staircase to the Lair.
  3557 | D:11     | Noticed an eight-headed hydra
  3566 | D:11     | Banished an eight-headed hydra
  3574 | D:11     | Found Vanusm's Weapon Boutique.
  3691 | D:11     | Noticed a deep elf mage
  3726 | D:11     | Reached skill level 12 in Unarmed Combat
  3742 | D:11     | Reached XP level 11. HP: 94/94 MP: 16/16
  3764 | D:11     | Killed a deep elf mage
  3816 | D:11     | Noticed a skeletal warrior
  3816 | D:11     | Noticed a skeletal warrior
  3817 | D:11     | Noticed a skeletal warrior
  3817 | D:11     | Corrupted D:11
  3817 | D:11     | Noticed a tentacled starspawn
  3817 | D:11     | Noticed a starcursed mass
  3817 | D:11     | Noticed a cacodemon
  3817 | D:11     | Noticed a large abomination
  3817 | D:11     | Noticed a great orb of eyes
  3817 | D:11     | Noticed a large abomination
  3817 | D:11     | Noticed a thrashing horror
  3817 | D:11     | Noticed a large abomination
  3820 | D:11     | Killed a skeletal warrior
  3821 | D:11     | Killed a hill giant
  3822 | D:11     | Noticed a rakshasa
  3822 | D:11     | Killed a skeletal warrior
  3824 | D:11     | Noticed a bone dragon
  3825 | D:11     | Killed a skeletal warrior
  3827 | D:11     | Killed a skeletal warrior
  3829 | D:11     | Noticed a tentacled starspawn
  3835 | D:11     | Killed a skeletal warrior
  3858 | D:11     | Noticed a sun demon
  4113 | D:11     | arkorax: hey lesz?
  4113 | D:11     | arkorax: did you win OgAK?
  4113 | D:11     | Leszczynek: no, i just loaded it now
  4294 | D:12     | Found a staircase to the Orcish Mines.
  4522 | D:12     | Noticed a hill giant
  4525 | D:12     | Noticed Maurice
  4542 | D:12     | Killed a hill giant
  4542 | D:12     | Reached skill level 13 in Unarmed Combat
  4556 | D:12     | Killed Maurice
  4566 | D:12     | Noticed a hill giant
  4573 | D:12     | Killed a hill giant
  4624 | D:12     | Noticed an orc high priest
  4639 | D:12     | Killed an orc high priest
  4689 | D:13     | Noticed a centaur warrior
  4702 | D:13     | Killed a centaur warrior
  4724 | D:13     | Reached ***** piety under Lugonu
  4809 | D:14     | Corrupted D:14
  4809 | D:14     | Noticed a tentacled starspawn
  4809 | D:14     | Noticed a tentacled starspawn
  4809 | D:14     | Noticed a starcursed mass
  4809 | D:14     | Noticed a large abomination
  4811 | D:14     | Killed an unseen horror
  4820 | D:14     | Noticed a giant orange brain
  4835 | D:14     | Noticed an ironheart preserver
  4839 | D:14     | Noticed a tentacled starspawn
  4846 | D:14     | Noticed a large abomination
  4850 | D:14     | Noticed a starcursed mass
  4858 | D:14     | Noticed a sun demon
  4906 | D:14     | Killed a deep elf mage
  4915 | D:14     | Found a flagged portal.
  4933 | Bailey   | Entered a bailey
  5038 | Bailey   | Corrupted Bailey
  5038 | Bailey   | Noticed an orc knight
  5039 | Bailey   | Noticed a thrashing horror
  5044 | Bailey   | Killed an orc knight
  5058 | Bailey   | Noticed a tentacled starspawn
  5146 | Bailey   | Identified a scroll of acquirement
  5241 | D:13     | Reached XP level 12. HP: 103/103 MP: 18/18
  5407 | D:14     | Found a gate to the Vaults.
  5422 | D:14     | Reached skill level 14 in Unarmed Combat
  5534 | D:15     | Entered Level 15 of the Dungeon
  5651 | D:15     | Found a labyrinth entrance.
  5660 | Lab      | Entered a labyrinth
  5740 | Lab      | Noticed a minotaur
  5748 | Lab      | Killed a minotaur
  5748 | Lab      | Reached skill level 10 in Invocations
  5767 | Lab      | Identified Ziux's Tome of Curses (You found it in a labyrinth)
  5851 | D:15     | Found a shattered altar of Ashenzari.
  5941 | D:15     | Noticed a death yak
  5946 | D:15     | Noticed a death yak
  5983 | D:14     | Noticed a rakshasa
  6159 | D:13     | Noticed a tengu warrior
  6177 | D:13     | Killed a tengu warrior
  6327 | Orc:1    | Entered Level 1 of the Orcish Mines
  6730 | Orc:2    | Entered Level 2 of the Orcish Mines
  6780 | Orc:1    | Found Biomat's Gadget Boutique.
  6797 | Orc:1    | Bought a wand of teleportation (2/9) for 198 gold pieces
  6840 | Orc:2    | Found Pialot's Antique Weapon Shoppe.
  6840 | Orc:2    | Noticed an ettin
  6845 | Orc:2    | Noticed an ettin
  6847 | Orc:2    | Corrupted Orc:2
  6847 | Orc:2    | Noticed a starcursed mass
  6850 | Orc:2    | Killed an ettin
  6854 | Orc:2    | Noticed a tentacled starspawn
  6855 | Orc:2    | Killed an ettin
  6942 | Orc:2    | Found Ozas's Antique Armour Boutique.
  6987 | Orc:2    | Bought an embroidered cloak for 126 gold pieces
  7004 | Orc:2    | Found Gudwetta's Book Shop.
  7074 | Orc:2    | Reached skill level 15 in Unarmed Combat
  7087 | Orc:2    | Found Yckonoc's General Store.
  7094 | Orc:2    | Noticed an ettin
  7100 | Orc:2    | Banished an ettin
  7330 | Orc:2    | Bought a scroll of enchant armour for 90 gold pieces
  7330 | Orc:2    | Bought a potion of lignification for 36 gold pieces
  7332 | Orc:2    | Got a pitted large shield
  7343 | Orc:2    | Identified the +3 large shield of Insecurity {*Contam rElec rPois SInv} (You acquired it on level 2 of the Orcish Mines)
  7346 | Orc:2    | Bought a potion of berserk rage for 60 gold pieces
  7392 | Orc:2    | Noticed a stone giant
  7412 | Orc:2    | Killed a stone giant
  7412 | Orc:2    | Reached XP level 13. HP: 109/109 MP: 19/19
  7429 | Orc:2    | Found a staircase to the Elven Halls.
  7444 | Orc:2    | Found Ziceteh's Food Boutique.
  7551 | D:11     | You fall through a shaft for 3 floors!
  7646 | D:12     | Gained mutation: You are partially covered in large bone plates. (AC +2, SH +2) [mutagenic meat]
  7649 | D:12     | Lost mutation: Your spells are a little harder to cast, but a little more powerful. [mutagenic meat]
  7652 | D:12     | Gained mutation: Your muscles are strong. (Str +2) [mutagenic meat]
  7704 | Lair:1   | Entered Level 1 of the Lair of Beasts
  7776 | Lair:1   | Noticed Grum
  7799 | Lair:1   | Killed Grum
  7920 | Lair:1   | Found a frozen archway.
  7969 | IceCv    | Entered an ice cave
  8168 | IceCv    | Noticed a reaper
  8237 | IceCv    | Killed a reaper
  8249 | IceCv    | Got a translucent ice dragon armour
  8260 | IceCv    | Identified the cursed +1 ice dragon armour "Udymmaom" {+Blink rElec rF- rC++ Regen+ MP-9 Dex+2} (You found it in an ice cave)
  8606 | Lair:4   | Reached skill level 16 in Unarmed Combat
  8885 | Lair:6   | Entered Level 6 of the Lair of Beasts
  8939 | Lair:6   | Found a staircase to the Slime Pits.
  8940 | Lair:6   | Found a viscous altar of Jiyva.
  8961 | Lair:6   | Reached skill level 10 in Shields
  9247 | Lair:6   | Noticed a dire elephant
  9260 | Lair:6   | Killed a dire elephant
  9264 | Lair:6   | Reached XP level 14. HP: 117/117 MP: 12/21
  9286 | Lair:6   | Learned a level 8 spell: Controlled Blink
  9314 | Lair:6   | Reached skill level 17 in Unarmed Combat
  9799 | Lair:4   | Found a staircase to the Snake Pit.
  9909 | Snake:1  | Entered Level 1 of the Snake Pit
 10118 | Snake:1  | Reached ****** piety under Lugonu
 10231 | Snake:2  | Noticed a greater naga
 10557 | Snake:3  | Noticed a greater naga
 10579 | Snake:3  | Killed a greater naga
 10587 | Snake:3  | Reached XP level 15. HP: 75/124 MP: 13/22
 10619 | Snake:4  | Entered Level 4 of the Snake Pit
 10634 | Snake:4  | Noticed a greater naga
 10658 | Snake:4  | Killed a greater naga
 10822 | Snake:4  | Noticed a greater naga
 10875 | Snake:4  | Killed a greater naga
 11025 | Snake:4  | Noticed a greater naga
 11028 | Snake:4  | Noticed a greater naga
 11070 | Snake:4  | Killed a greater naga
 11076 | Snake:4  | Killed a greater naga
 11250 | Snake:4  | Noticed a greater naga
 11268 | Snake:4  | Killed a greater naga
 11287 | Snake:4  | Noticed a greater naga
 11302 | Snake:4  | Killed a greater naga
 11330 | Snake:4  | Got a serpentine rune of Zot
 11365 | Snake:4  | Noticed a greater naga
 11395 | Snake:4  | Killed a greater naga
 11395 | Snake:4  | Reached skill level 15 in Shields
 11689 | Lair:3   | Found a staircase to the Swamp.
 11760 | Swamp:1  | Entered Level 1 of the Swamp
 12314 | Swamp:4  | Entered Level 4 of the Swamp
 12314 | Swamp:4  | Noticed Aizul
 12337 | Swamp:3  | Killed Aizul
 12585 | Swamp:4  | Reached XP level 16. HP: 132/132 MP: 14/23
 12754 | Swamp:4  | Reached skill level 1 in Spellcasting
 12793 | Swamp:4  | Corrupted Swamp:4
 12892 | Swamp:4  | Noticed a thorn hunter
 12988 | Swamp:4  | Killed a thorn hunter
 13210 | Swamp:4  | Got a decaying rune of Zot
 13244 | Swamp:4  | Learned a level 6 spell: Iron Shot
 13336 | Swamp:4  | Reached skill level 1 in Earth Magic
 13358 | Swamp:4  | Reached skill level 1 in Translocations
 13692 | Elf:1    | Entered Level 1 of the Elven Halls
 13870 | Elf:1    | Gained mutation: Your mind is acute. (Int +2) [mutagenic meat]
 13873 | Elf:1    | Lost mutation: Your muscles are strong. (Str +2) [mutagenic meat]
 13876 | Elf:1    | Gained mutation: You are mostly covered in large bone plates. (AC +3, SH +3) [mutagenic meat]
 14006 | Elf:1    | Gained mutation: You have a pair of small horns on your head. [mutagenic meat]
 14187 | Elf:1    | Gained mutation: You expend magic power (3 MP) to strengthen your wands. [mutagenic meat]
 14190 | Elf:1    | Gained mutation: Your body sometimes deteriorates upon taking damage. [mutagenic meat]
 14197 | Elf:1    | Identified the +1 robe of Trog's Righteous Anger {rPois Int+5 Dex-2} (You took it off a deep elf high priest on level 1 of the Elven Halls)
 14357 | Elf:1    | Reached skill level 5 in Earth Magic
 14567 | Elf:3    | Entered Level 3 of the Elven Halls
 14568 | Elf:3    | Found a radiant altar of Vehumet.
 14625 | Elf:3    | Found a sparkling altar of Nemelex Xobeh.
 14936 | Elf:2    | Identified the Volume of Lightness (You found it on level 2 of the Elven Halls)
 14939 | Elf:2    | Learned a level 2 spell: Swiftness
 14945 | Elf:2    | Learned a level 5 spell: Silence
 14994 | Elf:3    | Reached skill level 5 in Spellcasting
 15031 | Elf:3    | Found Ruadot's Jewellery Shoppe.
 15103 | Elf:3    | Bought a +3 amulet of reflection for 350 gold pieces
 15256 | Elf:3    | Reached XP level 17. HP: 59/139 MP: 15/24
 15395 | Elf:3    | Noticed a deep elf master archer
 15406 | Elf:3    | Killed a deep elf master archer
 15416 | Elf:3    | Noticed a deep elf master archer
 15419 | Elf:3    | Killed a deep elf master archer
 15475 | Elf:3    | Corrupted Elf:3
 15523 | Elf:3    | Noticed a profane servitor
 15526 | Elf:3    | Noticed an ancient lich
 15571 | Elf:3    | Noticed a bone dragon
 15595 | Elf:3    | Identified Wuaxky Nompa's Almanac of Damaging Evil Rites (You found it on level 3 of the Elven Halls)
 15599 | Elf:3    | Learned a level 3 spell: Regeneration
 15643 | Elf:3    | Identified the amulet "Zostek" {Dismiss Stlth+} (You found it on level 3 of the Elven Halls)
 15666 | Elf:3    | zkyp: !dump
 15668 | Elf:3    | zkyp: :o
 15679 | Elf:3    | 4thArraOfDagon: here ya go
 15719 | Elf:2    | zkyp: tyty
 16171 | D:15     | Found a staircase to the Depths.
 16197 | Depths:1 | Entered Level 1 of the Depths
 16348 | Depths:1 | Found Yfito's Food Boutique.
 16352 | Depths:1 | Found Zahaucs's Jewellery Boutique.
 16359 | Depths:1 | Bought the amulet "Xiyc" {RegenMP Str+4 Int+6} for 928 gold pieces
 16366 | Depths:1 | Noticed Rupert
 16366 | Depths:1 | Noticed Asterion
 16369 | Depths:1 | Paralysed by Rupert for 4 turns
 16399 | Depths:1 | Banished Rupert
 16586 | Depths:1 | Found a gateway to a ziggurat.
 16631 | Depths:1 | Reached skill level 10 in Earth Magic
 16679 | Depths:1 | Paralysed by a giant eyeball for 2 turns
 16743 | Depths:2 | Found Xifuep's Book Shop.
 16833 | Depths:2 | Reached skill level 5 in Dodging
 17209 | Depths:3 | Noticed Mennas
 17211 | Depths:3 | Corrupted Depths:3
 17257 | Depths:3 | Killed Mennas
 17270 | Depths:3 | Killed Xtahua
 17301 | Depths:3 | Noticed the Enchantress
 17343 | Depths:3 | Noticed a golden dragon
 17542 | Depths:1 | Reached XP level 18. HP: 100/148 MP: 17/26
 17572 | Depths:1 | Noticed a lich
 17576 | Depths:1 | Corrupted Depths:1
 17581 | Depths:1 | Found a gateway to Hell.
 17582 | Depths:1 | Killed a lich
 17617 | Depths:1 | Reached skill level 10 in Dodging
 17655 | Depths:1 | Lost mutation: You expend magic power (3 MP) to strengthen your wands. [mutagenic meat]
 17658 | Depths:1 | Gained mutation: You evolve. [mutagenic meat]
 17661 | Depths:1 | Gained mutation: You are partially covered in slimy green scales. (AC +2) [mutagenic meat]
 18051 | Depths:1 | Killed from afar by a wizard

Vault maps used:
D:1:      lemuel_arrival_lava_pool, minmay_misc_feat_encased, minmay_cupped
D:2:      grunt_temple_overflow_opulence, johnstein_pakellas_shop,
          grunt_temple_overflow_open, st_stairs_8, eino_tiny_chamber,
          minmay_misc_feat_tiny, minmay_misc_feat_plants,
          trog_three_pillars_becter
D:3:      wad_rectangle_vault
D:4:      first_bread, minmay_lizard_king
D:5:      gup_sewer_entry_spiral, sigmund_army, uniq_edmund
D:6:      tgw_sif
D:7:      black_bear_nest_2, old_standard_altar, nicolae_ossuary_entry_monument
D:8:      fedhas_altar_fruit_tree, serial_shops, nicolae_shop_stone
D:9:      serial_shops, shop, nicolae_shop_overgrown_old_shop, shop,
          uniq_prince_ribbit1, uniq_joseph, uniq_psyche
D:10:     erik_lair_orcish_takeover, uniq_erolcha
D:11:     serial_shops, shop, hangedman_stone_soup
D:12:     david_orc_2, spider_trap, minmay_parallelograms, uniq_maurice
D:13:     minmay_statue_bubble
D:14:     david_vaults_1, minmay_staircase_windowed_small, enter_bailey_3
D:15:     grunt_enter_depths_hoard, ashenzari_altar_1, lab_entry_generic,
          minmay_guarded_unrand_wrath_of_trog
Temple:   cyrus_circular_temple
Lair:1:   portal_ice_cave_rime, beast_lair_carwin_5, uniq_grum
Lair:2:   minivault_23, infiniplex_staircase_pool, serial_bayou_shore_b
Lair:3:   minmay_swamp_entry_swarm, beast_lair_carwin_6
Lair:4:   minmay_snake_entry_six_corridors, uniq_kirke
Lair:5:   lemuel_fruit_tree, infiniplex_staircase_pool_2, grunt_megastairs_5
Lair:6:   grunt_lair_end_beastmaster, slime_altar_1, st_stairs_13,
          hangedman_lair_generics_rect
Swamp:1:  nicolae_swamp_dense_foliage, uniq_roxanne
Swamp:2:  nicolae_swamp_round_clearing, nicolae_swamp_alligator_family
Swamp:3:  evilmike_swamp_ruin_house_3
Swamp:4:  swamp_basic_johnstein, uniq_aizul
Snake:1:  st_stairs_11
Snake:2:  basic_altar
Snake:3:  grunt_ministairs_7, st_stairs_13
Snake:4:  minmay_snake_end_coiled, st_stairs_7
Orc:1:    serial_shops, nicolae_shop_waterfront
Orc:2:    grunt_orc_gardens, grunt_orc_garden, grunt_orc_garden,
          grunt_orc_garden, grunt_orc_garden, serial_shops, shop
Elf:1:    orc_legates, lemuel_flame_loot_1
Elf:2:    hangedman_research_electronics, grunt_megastairs_2
Elf:3:    minmay_elf_hall_x, serial_shops, shop, basic_altar,
          nemelex_altar_shiori
Depths:1: enter_ziggurat_c, abyss_entry, grunt_hell_entry_dis_grunt,
          nicolae_water_bricks, hangedman_abyss_or_decor_slice, st_stairs_13,
          sword_in_stone, minmay_shop_star
Depths:2: minmay_open_boxes_in_corner, serial_shops, shop, nrook_pool_corridor,
          hell_entry, infiniplex_staircase_pillars_3b, grunt_megastairs_3,
          serial_bayou_shore_b
Depths:3: minmay_octo_star, hell_entry, rand_demon_pan_entry_4,
          lemuel_freeze_loot_1, uniq_enchantress, uniq_xtahua, uniq_mennas,
          uniq_asterion
Lab:      labyrinth_skeletal_remains, nicolae_lab_lava, nicolae_lab_quarters,
          lab_fountain, nicolae_lab_t_cross, nicolae_lab_starburst,
          nicolae_lab_stuck, nicolae_lab_very_dead_end, nicolae_lab_swirl
Ossuary:  minmay_ossuary_gauntlet
Bailey:   bailey_polearm_2, bailey
IceCv:    ice_cave_small_demon

Skill      XL: |  1  2  3  4  5  6  7  8  9 10 11 12 13 14 15 16 17 18 |
---------------+-------------------------------------------------------+-----
Unarmed Combat | 3 4 5 6 7 9 10 12 13 15 16 17 | 17.2
Invocations    | 2 3 4 5 6 8 9 10 11 | 11.0
Shields        | 1 3 4 5 6 7 9 10 13 15 16 | 16.0
Spellcasting   | 5 6 |  6.4
Earth Magic    | 7 10 | 10.3
Translocations | 2 |  2.5
Dodging        | 9 11 | 11.0
Fighting       | |  2.4

Action                   |  1- 3 |  4- 6 |  7- 9 | 10-12 | 13-15 | 16-18 || total
-------------------------+-------+-------+-------+-------+-------+-------++-------
Melee: Unarmed           |    64 |    91 |   213 |   764 |  1520 |  1285 ||  3937
       Headbutt          |       |       |       |       |       |   217 ||   217
Throw: Throwing net      |       |     4 |     2 |     1 |       |       ||     7
       Large rock        |       |       |       |    15 |     2 |    45 ||    62
 Cast: Apportation       |       |       |       |       |       |     9 ||     9
Invok: Depart the Abyss  |     1 |       |       |       |       |       ||     1
       Banish            |       |       |     5 |    15 |    14 |    17 ||    51
       Corrupt           |       |       |       |     4 |       |     4 ||     8
       Bend Space        |       |       |       |     2 |     1 |     1 ||     4
Evoke: Wand              |       |     2 |     1 |    14 |     7 |     9 ||    33
  Use: Scroll            |       |     5 |     6 |    21 |    10 |    10 ||    52
       Potion            |       |     2 |       |       |     3 |     6 ||    11
 Stab: Sleeping          |     1 |       |     1 |       |       |       ||     2
       Invisible         |       |     3 |       |       |       |       ||     3
       Held in net/web   |       |       |     1 |       |       |       ||     1
       Confused          |       |       |       |       |     2 |       ||     2
       Paralysed         |       |       |       |       |       |     2 ||     2
       Distracted        |       |       |       |       |       |     1 ||     1
  Eat: Chunk             |     9 |     6 |    23 |    56 |    53 |    69 ||   216
       Fruit             |       |       |       |       |     3 |     3 ||     6
       Beef jerky        |       |       |       |       |     2 |     1 ||     3
Armor: Robe              |    22 |    18 |    65 |   134 |     5 |       ||   244
       Troll leather arm |       |       |       |    13 |    22 |       ||    35
       Troll hide        |       |       |       |     7 |       |       ||     7
       Ice dragon armour |       |       |       |       |   230 |   216 ||   446
Dodge: Dodged            |    41 |    25 |    33 |   145 |   138 |   150 ||   532
Block: Large shield      |       |    22 |   144 |   414 |  1290 |  1129 ||  2999
       Shield            |       |       |       |    79 |       |       ||    79
       Reflection        |       |       |       |       |       |    31 ||    31
